 Dungeon Crawl Stone Soup version 0.28-a0-1002-gf00fe891ef (webtiles) character file.

Game seed: 8677955059679646422

4012 Umoon2 the Shield-Bearer (level 10, -8/77 HPs)
             Began as a Demonspawn Gladiator on Dec 7, 2021.
             Mangled by Erica (10 damage)
             ... on level 8 of the Dungeon.
             The game lasted 00:16:29 (7702 turns).

Umoon2 the Shield-Bearer (Demonspawn Gladiator)     Turns: 7702, Time: 00:16:30

Health: -8/77      AC: 10    Str: 18    XL:     10   Next: 3%
Magic:  11/16      EV: 18    Int: 16    God:
Gold:   614        SH:  5    Dex: 15    Spells: 14/18 levels left

rFire   . . .      SeeInvis .   a - +0 rapier
rCold   . . .      Faith    .   (no shield)
rNeg    . . .      Spirit   .   h - +0 troll leather armour {Pargi}
rPois   .          Reflect  +   c - +0 helmet
rElec   .          Harm     .   (no cloak)
rCorr   .          Rampage  .   (no gloves)
Will    +....                   (no boots)
Stlth   +.........              o - amulet of reflection
HPRegen 1.02/turn               k - +4 ring of protection
MPRegen 0.15/turn               x - ring of willpower

@: mighty, agile, hasted, invisible, very quick
A: hooves 1, powered by pain 2, big brain 2, demonic magic 2, clever 1
a: no special abilities


You were on level 8 of the Dungeon.
You visited 1 branch of the dungeon, and saw 8 of its levels.
You also visited: Sewer.

You collected 614 gold pieces.

Inventory:

Hand Weapons
 a - a +0 rapier (weapon)
Missiles
 d - 3 throwing nets (quivered)
Armour
 b - a +0 leather armour
 c - a +0 helmet (worn)
 f - a +0 ring mail
 h - a +0 troll leather armour (worn) {Pargi}
 q - a +0 tower shield
Jewellery
 k - a +4 ring of protection (left hand)
 o - an amulet of reflection (around neck)
 w - a +6 ring of intelligence
 x - a ring of willpower (right hand)
 y - a ring of willpower
 E - a ring of resist corrosion
 J - a +4 ring of evasion
Scrolls
 e - 7 scrolls of teleportation {unknown}
 g - 3 scrolls of enchant armour {unknown}
 i - 7 scrolls of identify {unknown}
 j - a scroll of torment {unknown}
 l - a scroll of silence {unknown}
 p - 3 scrolls of fear {unknown}
 r - a scroll of immolation {unknown}
 s - 2 scrolls of summoning {unknown}
 t - a scroll of holy word {unknown}
 B - a scroll of magic mapping {unknown}
 C - a scroll of enchant weapon {unknown}
 D - a scroll of acquirement {unknown}
 G - 2 scrolls of fog {unknown}
 I - a scroll of blinking {unknown}
Potions
 m - 3 potions of attraction
 u - a potion of haste
 v - a potion of heal wounds
 z - 2 potions of magic {unknown}
 A - 2 potions of flight {unknown}
 F - a potion of might
 H - a potion of degeneration {unknown}


   Skills:
 + Level 6.6 Fighting
 - Level 2.6 Short Blades
 - Level 1.7 Throwing
 + Level 5.5 Armour
 - Level 4.2 Dodging
 * Level 6.7 Shields
 + Level 4.6 Spellcasting
 + Level 2.6 Conjurations
 + Level 5.0 Summonings


You had 14 spell levels left.
You knew the following spells:

 Your Spells              Type           Power      Damage    Failure   Level
a - Call Imp              Summ           19%        N/A       3%          2
b - Searing Ray           Conj           24%        2d5       10%         2

Your spell library contained the following spells:

 Spells                   Type           Power      Damage    Failure   Level
 Magic Dart               Conj           48%        1d5       6%          1
 Beastly Appendage        Tmut           6%         N/A       19%         1
 Pain                     Necr           12%        1d4       19%         1
 Slow                     Hex            12%        N/A       19%         1
 Summon Guardian Golem    Hex/Summ       11%        N/A       21%         3
 Ensorcelled Hibernation  Hex/Ice        6%         N/A       28%         2
 Passwall                 Tmut/Erth      2%         N/A       28%         2
 Wereblood                Tmut           3%         N/A       28%         2
 Mephitic Cloud           Conj/Pois/Air  6%         N/A       36%         3
 Confusing Touch          Hex            3%         N/A       50%         3
 Spider Form              Tmut/Pois      3%         N/A       50%         3
 Swiftness                Air            3%         N/A       50%         3
 Vampiric Draining        Necr           3%         2d6       50%         3
 Fulminant Prism          Conj/Hex       3%         3d6       71%         4
 Agony                    Necr           3%         N/A       99%         5
 Excruciating Wounds      Necr           1%         N/A       99%         5
 Orb of Destruction       Conj           6%         9d3       100%        7
 Spellforged Servitor     Conj/Summ      7%         N/A       100%        7


Dungeon Overview and Level Annotations

Branches:
Dungeon (8/15)             Temple (0/1) D:7           Sewer (visited)
   Lair: D:8-11

Altars:
Cheibriados
Makhleb
Ru
Wu Jian

Shops:
D:1 ?   D:4 [   D:6 *

Annotations:
D:8 Erica


Innate Abilities, Weirdness & Mutations

You have large cloven feet.
You sometimes gain power by taking damage.
You have an extremely huge brain. (Int +4)
Spells you cast may paralyse nearby enemies.
Your mind is acute. (Int +2)


Message History

* * * LOW HITPOINT WARNING * * *
You focus on the pain.
You feel very mighty all of a sudden. Erica misses you.
You catch the helpless Erica completely off-guard!
You puncture Erica!
Erica is moderately wounded.
* * * LOW HITPOINT WARNING * * *
The howler monkey completely misses you.
Unknown command.
You hit Erica.
Erica is heavily wounded.
Your crimson imp hits the howler monkey.
The howler monkey dies!
You block the steam dragon's attack. The steam dragon claws you.
* * * LOW HITPOINT WARNING * * *
Erica misses you.
You hit the wyvern zombie.
The wyvern zombie is moderately damaged.
Your crimson imp hits the wyvern zombie but does no damage.
Erica points at you and mumbles some strange words.
You resist with almost no effort.
Unknown command.
You completely miss Erica. You kick Erica.
Erica is heavily wounded.
The wyvern zombie misses you. The steam dragon closely misses you.
You block the steam dragon's attack.
Your crimson imp blinks!
Unknown command.
You hit Erica. Your kick misses Erica.
Erica is heavily wounded.
The wyvern zombie misses you. Erica barely misses you.
Unknown command.
You hit Erica.
Erica is severely wounded.
The wyvern zombie misses you. The steam dragon bites you.
* * * LOW HITPOINT WARNING * * *
The steam dragon closely misses you.
Erica hits you with a +4 scimitar of flaming!
You die...

#.......# .§..≈.....
##......# §≈........
##.....####§≈.......
#......≈≈§§≈≈......
##......≈≈§..≈.....
##..........5.....
#.......##.§...... .
+.##....##Z##..... .
## ##...##@# ...h #
##..#D@# ### #
####.## # .. # #.#
## #. .# .. .# #.. #


You could see Erica (ally target), a steam dragon, a wyvern zombie and a
friendly crimson imp (summoned).

Vanquished Creatures
  A two-headed ogre (D:7)
  2 steam dragons (D:8)
  Menkaure (D:6)
  Edmund (D:6)
  Duvessa (D:6)
  Pargi (Sewer)
  An ice beast (D:8)
  A black bear (D:6)
  5 ogres
  5 centaurs
  A phantom (D:5)
  A kobold brigand (D:6)
  4 bullfrogs
  A gnoll sergeant (D:7)
  Dowan (D:6)
  3 howler monkeys
  A bullfrog zombie (D:6)
  2 centaur zombies
  5 hounds
  A centaur skeleton (D:7)
  3 iron imps (D:7)
  4 iguanas
  3 bullfrog skeletons
  3 orc wizards
  2 howler monkey zombies
  11 gnolls
  3 adders
  2 river rats (D:4)
  2 white imps
  An ufetubus (D:4)
  2 worms
  9 orcs
  4 ball pythons
  6 bats
  3 endoplasms
  5 giant cockroaches
  6 goblins
  12 hobgoblins
  7 jackals (D:1)
  2 quokkas
  7 frilled lizards
  9 kobolds
  8 rats
153 creatures vanquished.

Vanquished Creatures (collateral kills)
  2 ogres (D:6)
  A howler monkey (D:8)
  2 gnolls (D:6)
  A hobgoblin (D:6)
  A kobold (D:6)
7 creatures vanquished.

Vanquished Creatures (others)
  30 plants (D:6)
30 creatures vanquished.

Grand Total: 190 creatures vanquished

Notes
Turn   | Place    | Note
-------+----------+-------------------------------------------
     0 | D:1      | Umoon2 the Demonspawn Gladiator began the quest for the
                  | Orb.
     0 | D:1      | Reached XP level 1. HP: 16/16 MP: 1/1
    97 | D:1      | Gained mutation: You sometimes gain a little power by
                  | taking damage. [demonic ancestry]
    97 | D:1      | Reached XP level 2. HP: 9/22 MP: 2/2
   559 | D:1      | Reached skill level 1 in Armour
   702 | D:1      | Found Acuentegh's Magic Scroll Shop.
  1019 | D:2      | Gained mutation: You sometimes gain power by taking damage.
                  | [demonic ancestry]
  1019 | D:2      | Reached XP level 3. HP: 24/28 MP: 3/3
  1101 | D:2      | Found a faded altar of an unknown god.
  1930 | D:3      | Noticed a bullfrog
  1945 | D:3      | Killed a bullfrog
  1946 | D:3      | Gained mutation: Spells you cast may paralyse adjacent
                  | enemies. [demonic ancestry]
  1946 | D:3      | Reached XP level 4. HP: 20/35 MP: 4/4
  2675 | D:4      | Noticed an ogre
  2688 | D:4      | Gained mutation: You have large cloven feet. [demonic
                  | ancestry]
  2688 | D:4      | Reached XP level 5. HP: 25/41 MP: 5/5
  2690 | D:4      | Killed an ogre
  2735 | D:4      | Found a snail-covered altar of Cheibriados.
  2839 | D:4      | Found Sesuheof's Armour Shop.
  2976 | D:4      | Gained mutation: You have an unusually large brain. (Int
                  | +2) [demonic ancestry]
  2976 | D:4      | Reached XP level 6. HP: 48/48 MP: 6/6
  3065 | D:4      | Found a glowing drain.
  3069 | Sewer    | Entered a sewer
  3073 | Sewer    | Learned a level 2 spell: Call Imp
  3092 | Sewer    | Noticed Pargi
  3099 | Sewer    | Gained mutation: You are frail. (-10% HP) [potion of
                  | mutation]
  3106 | Sewer    | Killed Pargi
  3107 | Sewer    | Reached skill level 1 in Shields
  3481 | D:4      | Reached skill level 1 in Summonings
  3635 | D:5      | Entered Level 5 of the Dungeon
  3671 | D:5      | Reached skill level 1 in Spellcasting
  3671 | D:5      | Reached XP level 7. HP: 11/48 MP: 8/8
  4504 | D:6      | Noticed Duvessa
  4506 | D:6      | Noticed Dowan
  4529 | D:6      | Killed Duvessa
  4542 | D:6      | Killed Dowan
  4559 | D:5      | Lost mutation: You are frail. (-10% HP) [potion of
                  | mutation]
  4559 | D:5      | Gained mutation: You are frail. (-10% HP) [potion of
                  | mutation]
  4559 | D:5      | Gained mutation: Your mind is acute. (Int +2) [potion of
                  | mutation]
  4559 | D:5      | Gained mutation: Your mind is very acute. (Int +4) [potion
                  | of mutation]
  4560 | D:5      | Lost mutation: Your mind is very acute. (Int +4) [potion of
                  | mutation]
  4560 | D:5      | Lost mutation: You are frail. (-10% HP) [potion of
                  | mutation]
  4603 | D:6      | Found Xynoex's Elemental Accessories.
  4680 | D:6      | Gained mutation: Spells you cast may paralyse nearby
                  | enemies. [demonic ancestry]
  4680 | D:6      | Reached XP level 8. HP: 60/61 MP: 11/11
  4704 | D:6      | Reached skill level 5 in Fighting
  4914 | D:6      | Found a sacrificial altar of Ru.
  5023 | D:6      | Noticed Edmund
  5047 | D:6      | Killed Edmund
  5348 | D:6      | Reached skill level 5 in Shields
  5453 | D:6      | Reached XP level 9. HP: 68/69 MP: 11/14
  5634 | D:6      | Noticed Menkaure
  5642 | D:6      | Killed Menkaure
  5933 | D:6      | Learned a level 2 spell: Searing Ray
  6355 | D:7      | Found a staircase to the Ecumenical Temple.
  6485 | D:7      | Noticed a two-headed ogre
  6505 | D:7      | Killed a two-headed ogre
  6506 | D:7      | Reached skill level 5 in Armour
  6506 | D:7      | Reached skill level 1 in Conjurations
  6787 | D:7      | Found an ornate altar of the Wu Jian Council.
  7046 | D:7      | Found a burning altar of Makhleb.
  7677 | D:8      | Gained mutation: You have an extremely huge brain. (Int +4)
                  | [demonic ancestry]
  7677 | D:8      | Reached XP level 10. HP: 24/77 MP: 14/16
  7679 | D:8      | Noticed Erica
  7685 | D:8      | Reached skill level 5 in Summonings
  7697 | D:8      | HP: 3/77 [steam dragon] (2)]
  7702 | D:8      | HP: 2/77 [steam dragon (3)]
  7702 | D:8      | Mangled by Erica

Illustrated notes

Levels and vault maps discovered:
D:1:      dpeg_arrival_long_road, layout_loops_ring, serial_shops,
          nicolae_shop_statue_plus
D:2:      layout_basic, shapermc_ecumenical_altar_acropolis
D:3:      layout_loops_corners
D:4:      layout_loops_cross, mainiacjoe_overflow_boulevard, serial_shops,
          nicolae_stop_n_shop_1, gup_sewer_entry_spiral
D:5:      layout_loops_ring, nicolae_elevator_lobby_asterisk
D:6:      kennysheep_housing_project, layout_loops_ring,
          nicolae_ru_awakened_eye, serial_co_window_serial, co_window_paths_a,
          co_window_paths_a, co_window_corner_a, co_window_corner_a,
          co_window_paths_a, co_window_cross_2, co_window_of_opportunity_c,
          co_window_broadway_c, co_window_broadway_a, co_window_unsneaky_path_b,
          glass_columns_c, glass_columns_c, nicolae_elemental_shop,
          uniq_menkaure, uniq_duvessa, uniq_edmund
D:7:      layout_basic, nicolae_wu_jian_immortal_techniques, demons_altar,
          minmay_temple_entry_stoned_glass
D:8:      layout_cave_pods, nicolae_qazlal_general_emergency,
          amcnicky_mini_corridor_feature, grunt_ministairs_8,
          kennysheep_generic_room_14, uniq_erica

Skill      XL: |  1  2  3  4  5  6  7  8  9 10 |
---------------+-------------------------------+-----
Dodging        | 3 4 |  4.2
Armour         | 1 2 3 4 5 |  5.5
Fighting       | 3 4 5 6 |  6.6
Shields        | 1 3 5 6 |  6.7
Summonings     | 1 2 3 4 5 |  5.0
Spellcasting   | 1 2 3 4 |  4.6
Conjurations   | 2 |  2.6
Short Blades   | |  2.6
Throwing       | |  1.7

Action                   |  1- 3 |  4- 6 |  7- 9 | 10-12 || total
-------------------------+-------+-------+-------+-------++-------
Melee: Rapier            |   148 |   139 |   482 |    19 ||   788
       Kick              |       |    21 |   187 |     6 ||   214
 Cast: Call Imp          |       |       |    19 |     3 ||    22
  Use: Potion            |       |     4 |     2 |     3 ||     9
 Stab: Invisible         |       |     2 |       |     1 ||     3
       Sleeping          |       |       |     2 |       ||     2
       Paralysed         |       |       |    13 |     4 ||    17
Armor: Leather armour    |    31 |       |       |       ||    31
       Ring mail         |    48 |    32 |       |       ||    80
       Troll leather arm |       |     4 |   179 |     2 ||   185
Dodge: Dodged            |    94 |    91 |   353 |    24 ||   562
Block: Other             |       |    28 |   137 |     3 ||   168
       Reflection        |       |       |     2 |       ||     2

Table legend: (Time is in decaauts)
 A = Elapsed time spent in this place.
 B = Non-inter-level travel time spent in this place.
 C = Inter-level travel time spent in this place.
 D = Time resting spent in this place.
 E = Time spent auto-exploring this place.
 F = Levels seen in this place.
 G = Mean time per level.
                   A        B        C        D        E       F      G
               +--------+--------+--------+--------+--------+-----+--------+
         Total |   7813 |   7656 |    157 |    346 |   5380 |   9 |  868.1 |
       Dungeon |   7630 |   7473 |    157 |    346 |   5289 |   8 |  953.8 |
         Sewer |    183 |    183 |      0 |      0 |     91 |   1 |  183.0 |
               +--------+--------+--------+--------+--------+-----+--------+

Top non-repeatable levels by time:
     D:6: 1559 daAuts
     D:7: 1331 daAuts
     D:3: 999 daAuts
     D:1: 969 daAuts
     D:5: 880 daAuts
     D:4: 857 daAuts
     D:2: 707 daAuts
     D:8: 325 daAuts
   Sewer: 183 daAuts
